 Dungeon Crawl Stone Soup version 0.15.0-27-gbdb0435 (console) character file.

137 gw the Twirler (level 5, -8/45 HPs)
             Began as a Minotaur Gladiator on Sept 11, 2014.
             Mangled by gw's ghost (14 damage)
             ... on Level 3 of the Dungeon.
             The game lasted 00:01:59 (2696 turns).

gw the Twirler (Minotaur Gladiator)                 Turns: 2696, Time: 00:01:59

HP  -8/45        AC  9     Str 20      XL: 5   Next:  0%
MP   2/2         EV  7     Int  5      God:
Gold 0           SH  0     Dex 11      Spells:  0 memorised,  4 levels left

rFire  + . .     SeeInvis .     a - +1 quarterstaff
rCold  . . .     Clarity  .     e - +0 chain mail
rNeg   . . .     rCorr    .     (no shield)
rPois  .         rRot     .     c - +0 hat
rElec  .         Spirit   .     l - +0 cloak (curse)
SustAb .         Warding  .     (no gloves)
rMut   .         Stasis   .     (no boots)
Gourm  .                        (no amulet)
MR     +....                    i - ring of protection from fire
                                o - ring of protection from magic

@: somewhat resistant to hostile enchantments, extremely unstealthy
A: retaliatory headbutt, horns 2
a: no special abilities


You were on level 3 of the Dungeon.
You were not hungry.

You visited 1 branch of the dungeon, and saw 3 of its levels.

Inventory:

Hand weapons
 a - a +1 quarterstaff (weapon)
Missiles
 d - 5 throwing nets
 k - 37 stones (quivered)
Armour
 c - a +0 hat (worn)
 e - a +0 chain mail (worn)
 l - a cursed +0 cloak (worn)
Comestibles
 f - 3 bread rations
 g - a meat ration
 n - a slice of pizza
 p - a chunk of worm flesh
Scrolls
 j - 4 scrolls of remove curse
 m - a scroll of noise {unknown}
Jewellery
 i - a ring of protection from fire (right hand)
 o - a ring of protection from magic (left hand)
Potions
 b - a potion of resistance
 h - a potion of restore abilities


   Skills:
 + Level 3.6 Fighting
 * Level 5.2 Staves
 + Level 2.8 Throwing
 + Level 2.0 Armour
 - Level 3.2 Dodging


You had 4 spell levels left.
You didn't know any spells.

Dungeon Overview and Level Annotations

Branches:
Dungeon (3/15)

Altars:
Cheibriados
Dithmenos
Fedhas
Kikubaaqudgha
Qazlal
Vehumet
Yredelemnul
Zin

Annotations:
D:3 gw's ghost, average TrMo


Innate Abilities, Weirdness & Mutations

You reflexively headbutt those who attack you in melee.
You have a pair of horns on your head.


Message History

You kill the goblin!
You have reached level 5!
Gw's ghost hits you!
FLEEEEING!
ATTACKING (-1,0)
You hit gw's ghost but do no damage. Your headbutt misses gw's ghost.
Gw's ghost is heavily damaged.
Gw's ghost hits you but does no damage.
FLEEEEING!
ATTACKING (-1,0)
You barely miss gw's ghost.
Gw's ghost is heavily damaged.
Gw's ghost hits you.
FLEEEEING!
ATTACKING (-1,0)
Your chain mail prevents you from hitting gw's ghost.
You headbutt gw's ghost, but do no damage.
Gw's ghost is heavily damaged.
Gw's ghost hits you!
You die...

#.#..# #.##.#
#..#.# ##.#.#
#.#.# #...#
##..#
#.)#############
#.>.....WH.....#
##############.#
#..### #....#
#.#### #....#
###.## ####.#
#....#


You could see gw's ghost.

Table legend:
 A = Turns spent in this place as a percentage of turns spent in the entire game.
 B = Non-inter-level travel turns spent in this place as a percentage of non-inter-level travel turns spent in the entire game.
 C = Inter-level travel turns spent in this place as a percentage of turns spent in this place.
 D = Turns resting spent in this place as a percentage of non-inter-level travel turns spent in this place.
 E = Turns spent auto-exploring this place as a percentage of non-inter-level travel turns spent in this place.
 F = Non-inter-level travel turns spent in this place divided by the number of levels of this place that you've seen.
                   A       B       C       D       E      F
               +-------+-------+-------+-------+-------+----------------------
         Total | 100.0 | 100.0 |   1.5 |   3.2 |  10.1 | 368.7
       Dungeon | 100.0 | 100.0 |   1.5 |   3.2 |  10.1 | 368.7
               +-------+-------+-------+-------+-------+----------------------

Table legend:
 A = Kills in this place as a percentage of kills in entire the game.
 B = Kills by you in this place as a percentage of kills by you in the entire game.
 C = Kills by friends in this place as a percentage of kills by friends in the entire game.
 D = Other kills in this place as a percentage of other kills in the entire game.
 E = Experience gained in this place as a percentage of experience gained in the entire game.
 F = Experience gained in this place divided by the number of levels of this place that you have seen.
                   A       B       C       D       E      F
               +-------+-------+-------+-------+-------+----------------------
         Total | 100.0 | 100.0 |  -nan |  -nan | 100.0 |  65.3
       Dungeon | 100.0 | 100.0 |  -nan |  -nan | 100.0 |  65.3
               +-------+-------+-------+-------+-------+----------------------

Vanquished Creatures
  An orc priest (D:3)
  3 adders (D:2)
  2 worms
  2 giant geckos
  An ooze (D:2)
  3 orcs (D:3)
  5 bats
  14 goblins
  7 hobgoblins
  4 jackals (D:2)
  6 kobolds
  6 giant cockroaches
  6 giant newts
  2 rats
62 creatures vanquished.

Notes
Turn   | Place    | Note
--------------------------------------------------------------
     0 | D:1      | gw, the Minotaur Gladiator, began the quest for the Orb.
     0 | D:1      | Reached XP level 1. HP: 18/18 MP: 1/1
   172 | D:1      | Reached skill level 4 in Staves
   172 | D:1      | Reached XP level 2. HP: 22/25 MP: 1/1
   556 | D:1      | Reached skill level 1 in Armour
   757 | D:1      | Reached XP level 3. HP: 30/30 MP: 2/2
  1591 | D:2      | Reached XP level 4. HP: 38/38 MP: 2/2
  1837 | D:2      | Found a radiant altar of Vehumet.
  2277 | D:2      | Reached skill level 5 in Staves
  2404 | D:3      | Found a basalt altar of Yredelemnul.
  2405 | D:3      | Found a blossoming altar of Fedhas.
  2406 | D:3      | Found a glowing silver altar of Zin.
  2408 | D:3      | Found a snail-covered altar of Cheibriados.
  2408 | D:3      | Found a stormy altar of Qazlal.
  2410 | D:3      | Found an ancient bone altar of Kikubaaqudgha.
  2410 | D:3      | Found a shadowy altar of Dithmenos.
  2659 | D:3      | Noticed gw's ghost (average TrMo)
  2693 | D:3      | Reached XP level 5. HP: 21/45 MP: 2/2
  2696 | D:3      | Mangled by gw's ghost

Action                   |  1- 3 |  4- 6 || total
-------------------------+-------+-------++-------
Melee: Quarterstaff      |    80 |    36 ||   116
Throw: Stone             |    76 |    38 ||   114
  Use: Scroll            |     5 |     2 ||     7
       Potion            |     3 |     3 ||     6
  Eat: Chunk             |     2 |     4 ||     6

Vault maps used:
D:1:      saegor_arrival_simple_e, st_stairs_5
D:2:      vehumet_crystals, hangedman_abyss_or_decor_lesser_grid
D:3:      minmay_door_path, grunt_temple_overflow_open, corner_web_ring
